AoeStats
← gangsta rap made me do it

Arena

510125433Analyzed
2v2 RM · 3d ago on Sep 29, 2026· 29m 51s· 4 players
Game mode
Random Map
Map size
Medium (4 player)
Population
200
Speed
Normal
Resources
Standard
Victory
Conquest
Starting age
Dark Age
Ending age
Imperial Age
RankedLock teamsTeams togetherTeam positionsShared explorationLock speedFull tech treeHidden civsTurbo modeCheats
Victory
Defeat
🇺🇦 Spanish · Ukraine
718
+12
718
+12
🇦🇷 Franks · Argentina
634
-12
🇩🇪 Danes · Germany
625
-12
GiulioSalmo
0:27 Loom
10:14 Feudal Age
11:33 Wheelbarrow
10:44 Town Watch
11:13 Horse Collar
15:11 Man-at-Arms
16:55 Arson
19:03 Scale Mail Armor
19:02 Stone Mining
19:24 Double-Bit Axe
22:31 Gold Mining
24:53 Forging
29:45 Castle Age
franw97
10:31 Feudal Age
13:35 Double-Bit Axe
13:42 Stone Mining
13:44 Gold Mining
22:46 Castle Age
25:11 Bow Saw
25:50 Wheelbarrow
27:23 Husbandry
28:22 Scale Barding Armor
28:42 Scale Mail Armor
gangsta rap made me do it
13:31 Feudal Age
15:12 Horse Collar
15:36 Double-Bit Axe
17:56 Castle Age
24:34 Man-at-Arms
25:00 Gambesons
26:27 Bow Saw
27:20 Stone Mining
29:02 Gold Mining
29:47 Stone Shaft Mining
шавка
11:27 Feudal Age
12:22 Horse Collar
16:45 Castle Age
15:28 Stone Mining
18:14 Double-Bit Axe
20:57 Ballistics
Connection lost

Rejoining the realm…

Still unreachable

The connection could not be restored.

Session expired

The server has moved on; the page needs a fresh start.